 Dungeon Crawl Stone Soup version 0.31.0-32-g396128a36d (webtiles) character file.

Game seed: 7993793695202189300

1850 PaiMei the Grave Robber (level 8, 0/62 HPs)
             Began as a Demonspawn Necromancer on Mar 19, 2024.
             Slain by a gnoll
             ... wielding a +0 halberd
             ... led by a gnoll bouda
              (15 damage)
             ... on level 7 of the Dungeon.
             The game lasted 00:07:24 (8078 turns).

PaiMei the Grave Robber (Demonspawn Necromancer)    Turns: 8078, Time: 00:07:25

Health: 0/62       AC:  6    Str:  8    XL:     8   Next: 88%
Magic:  2/16       EV: 14    Int: 18    God:
Gold:   327        SH:  0    Dex: 14    Spells: 14/18 levels left

rFire   . . .        y - +2 hand axe (flame)
rCold   . . .        (no shield)
rNeg    . . .        a - +0 robe
rPois   .            (helmet restricted)
rElec   .            (no cloak)
rCorr   .            (no gloves)
SInv    .            i - +0 pair of boots
Will    .....        (no amulet)
Stlth   ++           q - ring of flight
HPRegen 0.30/turn    (no ring)
MPRegen 0.15/turn

%: no passive effects
@: flying
A: antennae 1, thin metallic scales 2, demonic guardian 1
a: no special abilities


You were on level 7 of the Dungeon.
You visited 2 branches of the dungeon, and saw 8 of its levels.
You also visited: Sewer.

You collected 327 gold pieces.

Inventory:

Hand Weapons
 f - a +4 dagger
 y - a +2 hand axe of flaming (weapon)
Missiles
 s - 4 curare-tipped darts (quivered)
 u - 18 poisoned darts
Armour
 a - a +0 robe (worn)
 i - a +0 pair of boots (worn)
Magical Staves
 A - a staff of death
Jewellery
 q - a ring of flight (left hand)
 w - a ring of fire
Wands
 z - a wand of polymorph (11)
Scrolls
 d - a scroll of amnesia {unknown}
 e - 5 scrolls of teleportation
 g - 2 scrolls of revelation {unknown}
 h - 2 scrolls of identify {unknown}
 j - 3 scrolls of butterflies {unknown}
 k - a scroll of noise {unknown}
 l - 2 scrolls of vulnerability {unknown}
 p - a scroll of fear {unknown}
 r - 3 scrolls of silence {unknown}
 v - a scroll of enchant armour {unknown}
 B - a scroll of fog {unknown}
Potions
 b - 3 potions of magic
 c - 2 potions of mutation {unknown}
 m - 2 potions of enlightenment {unknown}
 n - a potion of lignification {unknown}
 o - 2 potions of curing {unknown}
 t - 2 potions of invisibility {unknown}
 x - a potion of heal wounds {unknown}


   Skills:
 + Level 5.3 Fighting
 + Level 5.5 Dodging
 - Level 2.3 Stealth
 + Level 5.6 Spellcasting
 + Level 7.7 Necromancy


You had 14 spell levels left.
You knew the following spells:

 Your Spells              Type           Power      Damage    Failure   Level
a - Necrotise             Necr           100%       1d9       1%          1
b - Vampiric Draining     Necr           32%        2d8       1%          3

Your spell library contained the following spells:

 Spells                   Type           Power      Damage    Failure   Level
 Animate Dead             Necr           32%        N/A       5%          4
 Curse of Agony           Necr           32%        N/A       14%         5


Dungeon Overview and Level Annotations

Branches:
Dungeon (7/15)             Temple (1/1) D:4           Sewer (visited)

Altars:
Cheibriados
Dithmenos
Makhleb
Okawaru
Qazlal
Ru
Trog
Uskayaw
Wu Jian
Yredelemnul

Shops:
D:4 (

Annotations:
D:1 1 transporter
D:5 Menkaure


Innate Abilities, Weirdness & Mutations

You have a pair of small antennae on your head.
You are mostly covered in thin metallic scales. (AC +3)
A weak demonic guardian rushes to your aid.


Message History

Casting: Vampiric Draining (safe; 1% risk of failure)
Confirm with . or Enter, or press ? or * to list all spells.
You don't have enough magic to cast this spell.
You hit the gnoll. You burn the gnoll.
The gnoll is severely wounded.
The gnoll hits you with a +0 club.
The gnoll hits you from afar with a +0 halberd!
Casting: Vampiric Draining (safe; 1% risk of failure)
Confirm with . or Enter, or press ? or * to list all spells.
You don't have enough magic to cast this spell.
You barely miss the gnoll.
The gnoll is severely wounded.
The gnoll barely misses you. x2
Casting: Vampiric Draining (safe; 1% risk of failure)
Confirm with . or Enter, or press ? or * to list all spells.
You don't have enough magic to cast this spell.
You closely miss the gnoll.
The gnoll is severely wounded.
The gnoll barely misses you. The gnoll completely misses you.
The gnoll closely misses you.
Casting: Vampiric Draining (safe; 1% risk of failure)
Confirm with . or Enter, or press ? or * to list all spells.
You don't have enough magic to cast this spell.
You hit the gnoll. You burn the gnoll.
You kill the gnoll!
The gnoll hits you from afar with a +0 halberd!
The gnoll completely misses you.
Casting: Vampiric Draining (safe; 1% risk of failure)
Confirm with . or Enter, or press ? or * to list all spells.
You don't have enough magic to cast this spell.
The gnoll hits you but does no damage.
Items here: ))))) [ †††.
You hit the gnoll. You burn the gnoll.
The gnoll is moderately wounded.
The gnoll hits you with a +0 halberd.
* * * LOW HITPOINT WARNING * * *
You hit the gnoll. You burn the gnoll.
The gnoll is heavily wounded.
The gnoll hits you with a +0 halberd!
You die...

#........# ....
#........# ....
#.......## .....
#.......# .....
#...<...# ......
#...))..# ......#
##<..)..##
......g##.......#
#......@..#..)..#
####...####....#..
#..## #....##..
#.. #..### #..#
#.# #### #.. . ..


You could see a gnoll.

Vanquished Creatures
  2 ice beasts (D:6)
  An ogre (D:6)
  An orc warrior (D:6)
  A black bear (D:6)
  A bullfrog (D:6)
  7 kobold brigands (Sewer)
  A scorpion (D:5)
  Blork the orc (D:5)
  3 wights (D:6)
  A howler monkey (D:6)
  4 orc priests
  A hound (D:5)
  A gnoll bouda (D:7)
  A sleepcap (D:6)
  An orc wizard (D:5)
  7 gnolls
  9 adders
  2 river rats
  A shadow imp (D:5)
  A white imp (D:6)
  2 dart slugs
  3 ribbon worms
  10 orcs
  7 endoplasms
  3 giant cockroaches
  4 goblins
  7 hobgoblins
  5 kobolds
  2 quokkas
  7 ball pythons
  3 bats
  2 frilled lizards
  6 rats
108 creatures vanquished.

Vanquished Creatures (collateral kills)
  A wight (D:6)
  An adder (D:2)
  A ribbon worm (Sewer)
3 creatures vanquished.

Grand Total: 111 creatures vanquished

Notes
Turn   | Place    | Note
-------+----------+-------------------------------------------
     0 | D:1      | PaiMei the Demonspawn Necromancer began the quest for the
                  | Orb.
     0 | D:1      | Reached XP level 1. HP: 13/13 MP: 3/3
  1059 | D:2      | Gained mutation: You have a pair of small antennae on your
                  | head. [demonic ancestry]
  1059 | D:2      | Reached XP level 2. HP: 19/19 MP: 3/5
  1318 | D:2      | Reached XP level 3. HP: 24/24 MP: 1/6
  1746 | D:3      | Learned a level 3 spell: Vampiric Draining
  2282 | D:4      | Gained mutation: You are partially covered in thin metallic
                  | scales. (AC +2) [demonic ancestry]
  2282 | D:4      | Reached XP level 4. HP: 31/31 MP: 5/7
  2306 | D:4      | Found a glowing drain.
  2316 | Sewer    | Entered a sewer
  2335 | Sewer    | Noticed a kobold brigand
  2360 | Sewer    | Killed a kobold brigand
  2361 | Sewer    | Reached skill level 1 in Fighting
  2361 | Sewer    | Reached skill level 5 in Necromancy
  2361 | Sewer    | Reached XP level 5. HP: 14/37 MP: 0/9
  2847 | Sewer    | Gained mutation: You are mostly covered in thin metallic
                  | scales. (AC +3) [demonic ancestry]
  2847 | Sewer    | Reached XP level 6. HP: 36/44 MP: 0/11
  3464 | Sewer    | Reached skill level 6 in Necromancy
  3464 | Sewer    | Reached XP level 7. HP: 49/52 MP: 0/12
  4187 | D:4      | Found a staircase to the Ecumenical Temple.
  4195 | Temple   | Entered the Ecumenical Temple
  4312 | D:4      | Found Surimm's Antique Weapon Boutique.
  4537 | D:5      | Entered Level 5 of the Dungeon
  4977 | D:5      | Found a basalt altar of Yredelemnul.
  4984 | D:5      | Noticed Blork the orc
  4994 | D:5      | Killed Blork the orc
  5298 | D:5      | Noticed Menkaure
  6285 | D:6      | Gained mutation: A weak demonic guardian rushes to your
                  | aid. [demonic ancestry]
  6285 | D:6      | Reached XP level 8. HP: 51/60 MP: 2/15
  6604 | D:6      | Reached skill level 7 in Necromancy
  6906 | D:6      | Reached skill level 5 in Spellcasting
  6964 | D:6      | Reached skill level 5 in Dodging
  7261 | D:6      | Reached skill level 5 in Fighting
  8078 | D:7      | Slain by a gnoll

Illustrated notes

Levels and vault maps discovered:
D:1:      spicycebolla_arrival_risky_transporter, layout_loops_ring,
          minivault_24
D:2:      layout_basic, uniq_crazy_yiuf_cottage
D:3:      layout_rooms
D:4:      layout_rooms, minmay_temple_entry_mini_moons,
          mainiacjoe_sewer_entry_somewhere_in_here_2, serial_shops, shop_statue,
          serial_rivers, chequers_serial_rivers_micro_e,
          chequers_serial_rivers_room_a, chequers_serial_rivers_marsh,
          chequers_serial_rivers_large_a, chequers_serial_rivers_micro_d,
          chequers_serial_rivers_micro_a
D:5:      layout_basic, mainiacjoe_overflow_brackets, uniq_menkaure,
          uniq_blork_the_orc
D:6:      layout_loops_cross
D:7:      layout_cave_pods, uniq_maurice
Temple:   minmay_temple_curvy_loop

Skill      XL: |  1  2  3  4  5  6  7  8 |
---------------+-------------------------+-----
Dodging        | 2 3 4 5 |  5.5
Stealth        | 2 |  2.3
Fighting       | 1 2 3 4 5 |  5.3
Necromancy     | 5 6 7 |  7.7
Spellcasting   | 3 4 5 |  5.6

Action                     |  1- 3 |  4- 6 |  7- 9 || total
---------------------------+-------+-------+-------++-------
  Melee: Unarmed           |     6 |       |       ||     6
         Dagger            |     5 |    53 |    15 ||    73
         Hand axe          |       |       |    51 ||    51
         Punch             |       |       |     1 ||     1
   Cast: Necrotise         |    58 |    47 |    72 ||   177
         Vampiric Draining |       |    13 |    43 ||    56
    Use: Scroll            |       |       |     1 ||     1
 Armour: Robe              |    13 |    42 |    93 ||   148
  Dodge: Dodged            |    15 |    36 |   111 ||   162
